 Dungeon Crawl Stone Soup version 0.28-a0-664-gc179e30c89 (webtiles) character file.

Game seed: 15736642401787476713

129831 Johnny the Human Blade (level 17, -2/213 HPs)
             Began as a Human Berserker on Oct 16, 2021.
             Was a High Priest of Trog.
             Shot with an arrow by a deep elf master archer (21 damage)
             ... on level 3 of the Elven Halls.
             The game lasted 00:30:40 (25718 turns).

Johnny the Human Blade (Human Berserker)           Turns: 25718, Time: 00:30:40

Health: -2/213     AC: 20    Str: 21    XL:     17   Next: 62%
Magic:  0/17       EV: 16    Int: 13    God:    Trog [*****.]
Gold:   566        SH:  0    Dex: 16    Spells: 16/16 levels left

rFire   + . .      SeeInvis .   O - +4 great sword (elec)
rCold   + + .      Faith    .   (shield currently unavailable)
rNeg    . . .      Spirit   +   H - +1 scale mail of Xoxu {rElec rPois Regen+ Str-2 Int+4}
rPois   +          Reflect  .   p - +0 helmet
rElec   +          Harm     .   q - +2 cloak
rCorr   .          Rampage  .   A - +2 pair of gloves
Will    ++++.                   J - +0 pair of boots
Stlth   ..........              P - amulet of guardian spirit
HPRegen 2.45/turn               j - ring "Fujan" {Contam rElec rC+++ Will+ Dex+3}
MPRegen 0.15/turn               k - ring of fire

@: berserking, strong-willed (expiring), regenerating (expiring), very quick
A: no striking features
a: Renounce Religion, Berserk, Trog's Hand, Brothers in Arms


You were on level 3 of the Elven Halls.
You worshipped Trog.
Trog was extremely pleased with you.
You visited 4 branches of the dungeon, and saw 26 of its levels.
You visited 1 bazaar.

You collected 2643 gold pieces.
You spent 2077 gold pieces at shops.

Inventory:

Hand Weapons
 O - a +4 great sword of electrocution (weapon)
 R - a +2 antimagic triple sword
Armour
 p - a +0 helmet (worn)
 q - a +2 cloak (worn)
 A - a +2 pair of gloves (worn)
 H - the +1 scale mail of Xoxu (worn) {rElec rPois Regen+ Str-2 Int+4}
   (You bought it in a shop on level 10 of the Dungeon)

   Str:       It affects your strength (-2).
   Int:       It affects your intelligence (+4).
   rElec:     It insulates you from electricity.
   rPois:     It protects you from poison.
   Regen:     It increases your rate of health regeneration.
 J - a +0 pair of boots (worn)
Jewellery
 j - the ring "Fujan" (left hand) {Contam rElec rC+++ Will+ Dex+3}
   (You bought it in a shop on level 5 of the Dungeon)

   [ring of willpower]

   Dex:       It affects your dexterity (+3).
   rC:        It renders you almost immune to cold.
   rElec:     It insulates you from electricity.
   Contam:    It causes magical contamination when unequipped.
   Will:      It increases your willpower.
 k - a ring of fire (right hand)
 B - a ring of see invisible
 G - a ring of willpower
 P - an amulet of guardian spirit (around neck)
 W - an amulet of faith
Wands
 f - a wand of iceblast (13)
 u - a wand of acid (20)
 K - a wand of digging (4)
 Q - a wand of paralysis (29)
Scrolls
 a - a scroll of enchant weapon
 b - a scroll of holy word
 g - 6 scrolls of blinking
 h - 6 scrolls of magic mapping
 i - 15 scrolls of teleportation
 m - 10 scrolls of noise
 o - 5 scrolls of silence
 r - 7 scrolls of fog
 v - 2 scrolls of torment
 w - 5 scrolls of enchant armour
 x - 3 scrolls of vulnerability
 z - 12 scrolls of identify
 N - a scroll of immolation
 S - a scroll of summoning
 U - 3 scrolls of fear
Potions
 c - 4 potions of berserk rage
 d - 13 potions of curing
 e - 8 potions of heal wounds
 l - a potion of cancellation
 n - 2 potions of haste
 s - 3 potions of resistance
 t - 3 potions of might
 C - 2 potions of brilliance
 D - 4 potions of invisibility
 E - 6 potions of mutation
 I - 4 potions of flight
 T - 8 potions of ambrosia
 X - 3 potions of lignification
 Y - 3 potions of magic
Miscellaneous
 F - a tin of tremorstones (2/2)
 V - a phantom mirror
 Z - a lightning rod (4/4)


   Skills:
 + Level 15.6 Fighting
 * Level 21.2 Long Blades
 + Level 11.2 Armour
 + Level 11.2 Dodging


You had 16 spell levels left.
You didn't know any spells.
Your spell library was empty.

Dungeon Overview and Level Annotations

Branches:
Dungeon (15/15)            Temple (0/1) D:4            Lair (6/6) D:8
 Shoals (0/4) Lair:2        Snake (0/4) Lair:3        Slime (0/5) Lair:5
    Orc (2/2) D:10            Elf (3/3) Orc:2        Vaults (0/5) D:14
 Depths (0/4) D:15

Altars:
Fedhas
Nemelex Xobeh
Okawaru
Ru
Uskayaw
Vehumet
Wu Jian
Yredelemnul
Beogh

Shops:
D:1 ?   D:5 *=*=[   D:10 *   Orc:1 ?   Orc:2 (*?

Annotations:
Elf:2 3 runed translucent doors


Message History

The deep elf blademaster is severely wounded.
The deep elf blademaster hits you with a +0 rapier!
The deep elf blademaster misses you.
The deep elf master archer unwields a +0 longbow.
The deep elf master archer completely misses you.
Your ogre closely misses the deep elf blademaster.
You miss the deep elf blademaster.
The deep elf blademaster is severely wounded.
The deep elf blademaster closely misses you.
The deep elf blademaster hits you but does no damage.
You barely miss the deep elf blademaster.
The deep elf blademaster is severely wounded.
Your ogre misses the deep elf blademaster.
You barely miss the deep elf master archer.
The deep elf blademaster completely misses you.
The deep elf blademaster hits you with a +0 rapier!
The deep elf master archer wields a +0 longbow.
The deep elf master archer shoots an arrow.
The arrow hits you!
You slash the deep elf master archer!
The deep elf master archer is lightly wounded.
Your ogre completely misses the deep elf blademaster.
The deep elf blademaster misses you.
The deep elf blademaster hits you but does no damage.
The deep elf master archer shoots an arrow.
The arrow hits you!!
* * * LOW HITPOINT WARNING * * *
You slice the deep elf master archer!!
The deep elf master archer is heavily wounded.
The deep elf master archer shoots an arrow.
The arrow hits you!!
* * * LOW HITPOINT WARNING * * *
The deep elf blademaster hits you with a +0 rapier!
* * * LOW HITPOINT WARNING * * *
The deep elf blademaster barely misses you.
You feel the effects of Trog's Hand fading.
Your ogre completely misses the deep elf blademaster.
The deep elf master archer shoots an arrow.
The arrow hits you!!
You die...

# ***,,,*** **#.#** ***,, #
***** #.# *** # #.# # #e# #
#.# # #.# # #.#
#######**##########.### ###
......,#.#.#.#..@.e...# #.#
...###,#...#.#...Oe...# #.#
.)....,#..##.#........## #.#
.#.###,#.<##.#.############.#
.#.#*,,......#.# *#......#
..<#*,*#..#....## #.######
.###*,*#........## #.#
........###......#####.#
.......#* ##.......)...#


You could see a deep elf blademaster (ally target), a deep elf master archer and
a friendly ogre (summoned, berserk).

Vanquished Creatures
  Jorgrun (D:13)
  Roxanne (D:15)
  The ghost of Qeddo the Carver, a journeyman DjAE of Makhleb (Lair:4)
  An ironbound preserver (D:14)
  2 deep elf annihilators
  A dire elephant (D:15)
  Josephine (D:15)
  An ettin (Orc:2)
  10 hydras
  3 boulder beetles
  7 centaur warriors
  A catoblepas (Lair:6)
  15 dancing weapons
  2 death yaks (Lair:6)
  6 two-headed ogres
  A deep troll shaman (Lair:6)
  3 orc high priests (Orc:2)
  8 deep elf knights
  3 skeletal warriors
  6 deep elf archers
  2 wizards
  A lindwurm (Lair:4)
  An orange crystal statue (D:14)
  4 orc knights
  12 deep elf zephyrmancers
  25 deep elf pyromancers
  An oklob plant (Lair:3)
  A salamander (D:15)
  17 ugly things
  8 cyclopes
  2 orc sorcerers
  11 elephants
  5 manticores
  Maurice (D:13)
  8 black mambas
  A torpor snail (Lair:4)
  8 cane toads
  2 unseen horrors
  7 komodo dragons
  A tengu conjurer (D:13)
  2 rime drakes
  A queen bee (shapeshifter) (D:14)
  A queen bee (Lair:5)
  10 trolls
  8 meliai
  2 polar bears (Lair:4)
  4 dream sheep
  18 blink frogs
  6 slime creatures
  Sigmund (D:6)
  4 water elementals
  A shadow (D:11)
  2 vampires
  2 air elementals
  2 wyverns
  5 wraiths
  48 yaks
  6 basilisks
  6 vampire mosquitoes
  5 wargs
  An acid dragon (D:11)
  3 nagas (Lair:3)
  14 water moccasins
  Duvessa (D:4)
  An ice beast (D:5)
  A sky beast (D:6)
  2 black bears
  18 orc warriors
  A boggart (D:11)
  11 ogres
  22 wolves
  4 necrophages
  13 centaurs
  2 kobold brigands (D:9)
  6 bullfrogs
  A gnoll sergeant (D:8)
  5 scorpions
  Dowan (D:4)
  A hornet simulacrum (D:14)
  A water moccasin skeleton (D:7)
  16 killer bees
  2 howler monkeys
  6 electric eels
  A centaur zombie (D:6)
  A bullfrog zombie (D:5)
  3 hounds (D:5)
  14 orc priests
  3 jellies (Lair:5)
  A centaur skeleton (D:5)
  2 gnoll shamans
  2 iguanas (D:6)
  32 orc wizards
  A killer bee zombie (D:7)
  A howler monkey zombie (D:6)
  Robin (D:3)
  12 gnolls
  10 adders
  An ufetubus (D:4)
  2 dart slugs
  72 orcs
  8 bats
  9 endoplasms
  3 giant cockroaches
  12 goblins
  9 hobgoblins
  4 jackals (D:1)
  6 quokkas
  7 ball pythons
  17 kobolds
  4 rats
697 creatures vanquished.

Vanquished Creatures (collateral kills)
  The ghost of Giocatum the Spear-Bearer, a journeyman DsBe of Trog (Lair:4)
  A boulder beetle (D:12)
  2 death yaks (Lair:6)
  2 skeletal warriors (D:12)
  A deep elf zephyrmancer (Elf:2)
  An orc knight (Orc:2)
  2 orc sorcerers (Orc:2)
  A wolf spider (D:15)
  A manticore (D:12)
  An ugly thing (D:12)
  An elephant (Lair:5)
  2 komodo dragons (Lair:1)
  A troll (D:12)
  A slime creature (D:12)
  A vampire (D:12)
  A water elemental (D:12)
  A wraith (D:12)
  A basilisk (Lair:1)
  A wyvern (D:6)
  A yak (Lair:5)
  A water moccasin (Lair:1)
  3 orc warriors (Orc:2)
  3 orc priests (Orc:2)
  2 orc wizards (Orc:2)
  3 orcs (Orc:2)
36 creatures vanquished.

Vanquished Creatures (others)
  A deep elf knight (Elf:1)
  An orc (Orc:2)
  39 fungi
  36 plants
  3 toadstools (D:4)
80 creatures vanquished.

Grand Total: 813 creatures vanquished

Notes
Turn   | Place    | Note
-------+----------+-------------------------------------------
     0 | D:1      | Johnny the Human Berserker began the quest for the Orb.
     0 | D:1      | Reached XP level 1. HP: 18/18 MP: 1/1
    64 | D:1      | Reached XP level 2. HP: 12/24 MP: 2/2
   282 | D:1      | Found a faded altar of an unknown god.
   588 | D:1      | Found Luamiew's Magic Scroll Boutique.
  1134 | D:1      | Reached XP level 3. HP: 29/29 MP: 3/3
  1538 | D:2      | Found a sparkling altar of Nemelex Xobeh.
  1594 | D:2      | Reached skill level 4 in Long Blades
  1612 | D:2      | Reached ** piety under Trog
  1820 | D:3      | You fall into a shaft and drop 2 floors!
  1820 | D:5      | Entered Level 5 of the Dungeon
  1820 | D:5      | Noticed an ogre
  1825 | D:5      | Killed an ogre
  1826 | D:5      | Reached XP level 4. HP: 37/37 MP: 4/4
  1826 | D:5      | Reached XP level 5. HP: 42/42 MP: 5/5
  1877 | D:5      | Found Firueppo's Assorted Antiques.
  1899 | D:5      | Found Meff's Jewellery Emporium.
  1918 | D:5      | Noticed an ogre
  1923 | D:5      | Killed an ogre
  1924 | D:5      | Reached skill level 5 in Long Blades
  1924 | D:5      | Reached XP level 6. HP: 48/48 MP: 6/6
  2185 | D:4      | Reached skill level 6 in Long Blades
  2310 | D:4      | Noticed Duvessa
  2363 | D:3      | Reached XP level 7. HP: 55/55 MP: 7/7
  2372 | D:3      | Reached skill level 5 in Fighting
  2642 | D:3      | Noticed Robin
  2654 | D:3      | Killed Robin
  3375 | D:4      | Noticed Dowan
  3409 | D:4      | Reached *** piety under Trog
  3430 | D:4      | Reached skill level 7 in Long Blades
  3613 | D:4      | Found a staircase to the Ecumenical Temple.
  3638 | D:4      | Killed Duvessa
  3639 | D:4      | Reached XP level 8. HP: 63/63 MP: 8/8
  3644 | D:4      | Killed Dowan
  4278 | D:5      | Reached skill level 8 in Long Blades
  4309 | D:5      | Found Waowkatu's Armour Shoppe.
  4339 | D:5      | Found Fets's Jewellery Shop.
  4572 | D:5      | Found Mogiad's Assorted Antiques.
  4704 | D:5      | Bought a steaming tin ring for 150 gold pieces
  4704 | D:5      | Identified the ring "Fujan" {Contam rElec rC+++ Will+
                  | Dex+3} (You bought it in a shop on level 5 of the Dungeon)
  4943 | D:5      | Reached skill level 9 in Long Blades
  4971 | D:5      | Reached XP level 9. HP: 24/71 MP: 9/9
  5254 | D:5      | Found an iron altar of Okawaru.
  5465 | D:6      | Reached **** piety under Trog
  5981 | D:6      | Reached skill level 10 in Long Blades
  6393 | D:6      | Noticed Sigmund
  6409 | D:6      | Killed Sigmund
  6960 | D:7      | Noticed a troll
  6969 | D:7      | Killed a troll
  6970 | D:7      | Reached skill level 11 in Long Blades
  6970 | D:7      | Reached XP level 10. HP: 80/80 MP: 10/10
  7675 | D:8      | Found a staircase to the Lair.
  7689 | D:8      | Reached skill level 12 in Long Blades
  7862 | D:8      | Noticed a deep elf pyromancer
  7873 | D:8      | Killed a deep elf pyromancer
  7987 | D:9      | Noticed a two-headed ogre
  7998 | D:9      | Killed a two-headed ogre
  8367 | D:9      | Noticed a two-headed ogre
  8373 | D:9      | Killed a two-headed ogre
  8374 | D:9      | Reached skill level 13 in Long Blades
  8555 | D:9      | Reached XP level 11. HP: 76/89 MP: 11/11
  8641 | D:9      | Found a sacrificial altar of Ru.
  8818 | D:9      | Reached skill level 10 in Fighting
  9177 | D:9      | Found a basalt altar of Yredelemnul.
  9298 | D:10     | Entered Level 10 of the Dungeon
  9311 | D:10     | Noticed a two-headed ogre
  9317 | D:10     | Killed a two-headed ogre
  9318 | D:10     | Reached skill level 14 in Long Blades
  9364 | D:10     | Found Hiahuoc's Assorted Antiques.
  9379 | D:10     | Bought a faintly humming scale mail for 270 gold pieces
  9379 | D:10     | Identified the +1 scale mail of Xoxu {rElec rPois Regen+
                  | Str-2 Int+4} (You bought it in a shop on level 10 of the
                  | Dungeon)
  9434 | D:10     | Noticed a two-headed ogre
  9443 | D:10     | Killed a two-headed ogre
  9480 | D:10     | Found a blossoming altar of Fedhas.
  9801 | D:10     | Found a staircase to the Orcish Mines.
 10042 | D:11     | Noticed a six-headed hydra
 10050 | D:11     | Killed a nine-headed hydra
 10117 | D:11     | Reached ***** piety under Trog
 10204 | D:11     | Noticed a centaur warrior
 10217 | D:11     | Killed a centaur warrior
 10218 | D:11     | Reached skill level 15 in Long Blades
 10218 | D:11     | Reached XP level 12. HP: 60/100 MP: 12/12
 10460 | D:11     | Noticed a centaur warrior
 10516 | D:11     | Killed a centaur warrior
 10884 | D:11     | Noticed a two-headed ogre
 10895 | D:11     | Killed a two-headed ogre
 11016 | D:12     | Noticed a skeletal warrior
 11238 | Lair:1   | Entered Level 1 of the Lair of Beasts
 11295 | Lair:1   | Reached skill level 16 in Long Blades
 11524 | Orc:1    | Entered Level 1 of the Orcish Mines
 11524 | Orc:1    | Found Qijyesem's Magic Scroll Boutique.
 11547 | Orc:1    | Bought a scroll of teleportation for 45 gold pieces
 11547 | Orc:1    | Bought a scroll of summoning for 142 gold pieces
 11547 | Orc:1    | Bought a scroll of identify for 30 gold pieces
 11547 | Orc:1    | Bought a scroll of identify for 30 gold pieces
 11547 | Orc:1    | Bought a scroll of identify for 30 gold pieces
 11547 | Orc:1    | Bought a scroll of identify for 30 gold pieces
 11547 | Orc:1    | Bought a scroll of identify for 30 gold pieces
 11547 | Orc:1    | Bought a scroll of identify for 30 gold pieces
 11547 | Orc:1    | Bought a scroll of enchant armour for 112 gold pieces
 11609 | Orc:1    | Noticed a two-headed ogre
 11618 | Orc:1    | Killed a two-headed ogre
 12090 | Orc:2    | Entered Level 2 of the Orcish Mines
 12090 | Orc:2    | Found a staircase to the Elven Halls.
 12123 | Orc:2    | Noticed an ettin
 12129 | Orc:2    | Killed an ettin
 12130 | Orc:2    | Reached XP level 13. HP: 108/108 MP: 10/13
 12698 | Orc:2    | Reached skill level 5 in Armour
 12698 | Orc:2    | Reached skill level 5 in Dodging
 12773 | Orc:2    | Reached skill level 17 in Long Blades
 12824 | Orc:2    | Found Geratumi's Weapon Shoppe.
 12824 | Orc:2    | Found Ycaagge's General Store.
 12826 | Orc:2    | Found Vihauciur's Antique Armour Shoppe.
 12826 | Orc:2    | Found Gokiss's Magic Scroll Boutique.
 12835 | Orc:2    | Bought 2 scrolls of identify for 60 gold pieces
 12835 | Orc:2    | Bought a scroll of teleportation for 45 gold pieces
 12835 | Orc:2    | Bought a scroll of identify for 30 gold pieces
 12835 | Orc:2    | Bought a scroll of identify for 30 gold pieces
 12835 | Orc:2    | Bought a scroll of teleportation for 45 gold pieces
 12835 | Orc:2    | Bought a scroll of noise for 15 gold pieces
 12835 | Orc:2    | Bought a scroll of immolation for 52 gold pieces
 12835 | Orc:2    | Bought a scroll of enchant armour for 112 gold pieces
 12835 | Orc:2    | Bought a scroll of enchant armour for 112 gold pieces
 14117 | Lair:2   | Found a staircase to the Shoals.
 14204 | Lair:2   | Found a radiant altar of Vehumet.
 14841 | Lair:3   | Reached XP level 14. HP: 116/116 MP: 12/14
 15331 | Lair:3   | Found a staircase to the Snake Pit.
 15988 | Lair:4   | Found a runed translucent gate.
 15989 | Lair:4   | Found a runed translucent gate.
 15990 | Lair:4   | Found a runed translucent gate.
 16049 | Lair:4   | Reached skill level 18 in Long Blades
 16371 | Lair:4   | Noticed Giocatum's ghost (journeyman DsBe)
 16372 | Lair:4   | Noticed Qeddo's ghost (journeyman DjAE)
 16503 | Lair:4   | Killed Qeddo's ghost
 16535 | Lair:4   | Killed Giocatum's ghost
 16906 | Lair:4   | Received a gift from Trog
 17707 | Lair:5   | Found a staircase to the Slime Pits.
 18057 | Lair:6   | Entered Level 6 of the Lair of Beasts
 18128 | Lair:6   | Reached XP level 15. HP: 124/124 MP: 15/15
 18511 | Lair:6   | Found an ornate altar of the Wu Jian Council.
 18547 | Lair:6   | Found a hide-covered altar of Uskayaw.
 18628 | Lair:6   | Reached skill level 19 in Long Blades
 20327 | D:13     | Noticed Jorgrun
 20339 | D:13     | Killed Jorgrun
 20407 | D:13     | Noticed Maurice
 20413 | D:13     | Killed Maurice
 20570 | D:13     | Reached XP level 16. HP: 123/134 MP: 12/16
 21054 | D:14     | Found a gateway to a bazaar.
 21070 | Bazaar   | Entered a bazaar
 21070 | Bazaar   | Found Idalet's Book Shop.
 21102 | Bazaar   | Found Zaith's Magic Scroll Boutique.
 21121 | Bazaar   | Found Lace's Distillery.
 21126 | Bazaar   | Found Hiakhlicko's Armour Boutique.
 21129 | Bazaar   | Found Deahyotu's Book Shoppe.
 21148 | Bazaar   | Bought a potion of flight for 27 gold pieces
 21148 | Bazaar   | Bought a potion of resistance for 90 gold pieces
 21148 | Bazaar   | Bought a potion of invisibility for 72 gold pieces
 21148 | Bazaar   | Bought a potion of mutation for 72 gold pieces
 21148 | Bazaar   | Bought a potion of curing for 27 gold pieces
 21163 | Bazaar   | Bought a scroll of fog for 26 gold pieces
 21163 | Bazaar   | Bought a scroll of identify for 26 gold pieces
 21163 | Bazaar   | Bought a scroll of fog for 26 gold pieces
 21163 | Bazaar   | Bought a scroll of blinking for 97 gold pieces
 21163 | Bazaar   | Bought a scroll of magic mapping for 45 gold pieces
 21163 | Bazaar   | Bought a scroll of teleportation for 39 gold pieces
 21163 | Bazaar   | Bought 3 scrolls of fog for 78 gold pieces
 21163 | Bazaar   | Bought a scroll of identify for 26 gold pieces
 21163 | Bazaar   | Bought a scroll of identify for 26 gold pieces
 21249 | D:14     | Found a gate to the Vaults.
 21388 | D:14     | Reached skill level 20 in Long Blades
 21467 | D:14     | Received a gift from Trog
 21951 | D:15     | Entered Level 15 of the Dungeon
 22281 | D:15     | Reached skill level 10 in Dodging
 22531 | D:15     | Reached skill level 10 in Armour
 22553 | D:15     | Noticed Roxanne
 22574 | D:15     | Killed Roxanne
 22749 | D:15     | Found a staircase to the Depths.
 22904 | D:15     | Noticed Josephine
 22914 | D:15     | Killed Josephine
 23102 | Elf:1    | Entered Level 1 of the Elven Halls
 23121 | Elf:1    | Reached skill level 15 in Fighting
 23593 | Elf:1    | Reached XP level 17. HP: 142/142 MP: 13/17
 24552 | Elf:2    | Found a runed translucent gate.
 24552 | Elf:2    | Found a runed translucent gate.
 24553 | Elf:2    | Found a runed translucent gate.
 24655 | Elf:2    | Received a gift from Trog
 24768 | Elf:2    | Reached skill level 21 in Long Blades
 24928 | Elf:2    | Paralysed by an air elemental for 1 turns
 24933 | Elf:2    | Paralysed by an air elemental for 1 turns
 24940 | Elf:2    | Paralysed by an air elemental for 1 turns
 25356 | Elf:3    | Entered Level 3 of the Elven Halls
 25689 | Elf:3    | Noticed a deep elf master archer
 25689 | Elf:3    | Noticed a deep elf blademaster
 25689 | Elf:3    | Noticed a deep elf blademaster
 25718 | Elf:3    | Shot with an arrow by a deep elf master archer

Illustrated notes

Levels and vault maps discovered:
D:1:      lightli_arrival_lavapool, layout_loops_ring,
          hellmonk_ecumenical_altar_run_dry, serial_shops,
          nicolae_shop_behind_doors
D:2:      layout_basic, basic_altar, glass_columns_a
D:3:      layout_loops_cross, uniq_robin
D:4:      layout_rooms, minmay_temple_entry_statues, minmay_gold_behind_fungi,
          minmay_misc_feat_tiny, uniq_duvessa
D:5:      layout_loops_cross, mainiacjoe_overflow_six_doors_small, serial_shops,
          shop, shop_statue, nicolae_lakefront_shop, nicolae_diamond_shop,
          nicolae_shop_overgrown_old_shop, minmay_a_box_with_orc_wizards_in_it
D:6:      layout_loops_ring, uniq_sigmund
D:7:      layout_rooms
D:8:      layout_rooms, grunt_lair_entry_orc_guard_hut, serial_glass,
          glass_columns_c, glass_columns_b, small_chamber_with_monster
D:9:      layout_loops_cross, marbit_many_paths, nicolae_ru_path_of_blood
D:10:     layout_basic, mainiacjoe_overflow_catwalk, hiddenorc1_lemuel,
          serial_shops, nicolae_stop_n_shop_1
D:11:     layout_gridville, minmay_shattered_shrine
D:12:     layout_basic
D:13:     layout_small_grid, uniq_maurice, uniq_jorgrun
D:14:     layout_cave_pools, skrybe_vaults_entry_preservation, serial_shops,
          statue_bzr, lightli_corner_chamber
D:15:     hangedman_depths_entry_try_elsewhere_first, layout_loops_ring,
          hangedman_abyss_or_decor_lesser_grid, nrook_mini_backslash,
          minivault_14, uniq_roxanne, uniq_josephine
Lair:1:   layout_loops_ring
Lair:2:   layout_gridlike, minmay_shoals_entry_centaurs, basic_altar
Lair:3:   layout_big_grid, guppyfry_snake_entry_garden
Lair:4:   layout_concentric_octagons, gammafunk_ghost_cemetery,
          chequers_serial_rivers_small_3
Lair:5:   layout_concentric_octagons, nicolae_slime_entry_slimehenge,
          special_room [special_room_bee], serial_bayou_shore_a,
          infiniplex_staircase_pool
Lair:6:   grunt_lair_end_beastmaster, layout_cave_pods, serial_bayou_pond_b,
          nzn_masters_of_martial_movement
Orc:1:    layout_diamond_mine, basic_altar, serial_shops, shop, nooodl_orcs_dogs
Orc:2:    grunt_orc_tribal_feast, layout_caves
Elf:1:    eino_elf_arrival_the_gate, layout_onion_city, minmay_elf_annihilation
Elf:2:    elven_hall_of_blades_hangedman_original
          [nicolae_blade_entry_sentries_behind_glass], layout_loops_ring
Elf:3:    minmay_elf_hall, layout_loops_cross

Skill      XL: |  1  2  3  4  5  6  7  8  9 10 11 12 13 14 15 16 17 |
---------------+----------------------------------------------------+-----
Long Blades    | 4 5 6 7 9 11 13 15 16 17 18 19 20 21 | 21.2
Fighting       | 4 5 6 8 9 11 12 13 14 15 | 15.6
Armour         | 3 6 7 9 10 11 | 11.2
Dodging        | 3 6 7 9 10 11 | 11.2

Action                   |  1- 3 |  4- 6 |  7- 9 | 10-12 | 13-15 | 16-18 || total
-------------------------+-------+-------+-------+-------+-------+-------++-------
Melee: Falchion          |    74 |    60 |   474 |    86 |       |       ||   694
       Long sword        |       |       |       |   350 |     9 |       ||   359
       Great sword       |       |       |       |    60 |   932 |   564 ||  1556
       Demon blade       |       |       |       |       |     3 |       ||     3
Invok: Berserk           |     3 |     3 |    14 |    18 |    23 |    15 ||    76
       Trog's Hand       |       |     2 |     6 |     6 |    11 |     8 ||    33
       Brothers in Arms  |       |       |     1 |     3 |     8 |     4 ||    16
Evoke: Wand              |       |       |       |     2 |       |     4 ||     6
       Lightning rod     |       |       |       |     4 |       |       ||     4
       Tin of tremorston |       |       |       |     2 |       |       ||     2
  Use: Scroll            |       |       |     7 |     9 |    11 |     4 ||    31
       Potion            |       |       |     2 |       |       |       ||     2
 Stab: Sleeping          |     1 |       |       |       |       |       ||     1
       Distracted        |       |     1 |       |       |       |       ||     1
       Invisible         |       |       |     1 |       |       |       ||     1
       Petrified         |       |       |       |       |     5 |       ||     5
Armor: Animal skin       |    15 |     4 |       |       |       |       ||    19
       Chain mail        |       |    19 |   265 |   105 |       |       ||   389
       Scale mail        |       |       |       |   147 |   569 |   263 ||   979
Dodge: Dodged            |    51 |    37 |   165 |   216 |   749 |   324 ||  1542

Table legend: (Time is in decaauts)
 A = Elapsed time spent in this place.
 B = Non-inter-level travel time spent in this place.
 C = Inter-level travel time spent in this place.
 D = Time resting spent in this place.
 E = Time spent auto-exploring this place.
 F = Levels seen in this place.
 G = Mean time per level.
                   A        B        C        D        E       F      G
               +--------+--------+--------+--------+--------+-----+--------+
         Total |  25903 |  24321 |   1582 |   3468 |  15994 |  27 |  959.4 |
       Dungeon |  15170 |  14092 |   1078 |   2610 |   8837 |  15 | 1011.3 |
          Lair |   6331 |   6021 |    310 |    448 |   4380 |   6 | 1055.2 |
  Orcish Mines |   1716 |   1579 |    137 |    136 |    917 |   2 |  858.0 |
   Elven Halls |   2573 |   2518 |     55 |    273 |   1786 |   3 |  857.7 |
        Bazaar |    111 |    111 |      0 |      0 |     73 |   1 |  111.0 |
               +--------+--------+--------+--------+--------+-----+--------+

Top non-repeatable levels by time:
     D:5: 1587 daAuts
     D:1: 1415 daAuts
     D:9: 1384 daAuts
   Elf:1: 1374 daAuts
  Lair:6: 1342 daAuts
    D:11: 1233 daAuts
     D:6: 1195 daAuts
  Lair:4: 1189 daAuts
     D:3: 1077 daAuts
  Lair:5: 1074 daAuts
  Lair:3: 1000 daAuts
     D:4: 998 daAuts
    D:15: 992 daAuts
     D:8: 950 daAuts
   Orc:2: 935 daAuts
